 Dungeon Crawl Stone Soup version 0.29-a0-91-gdebf4667c2 (webtiles) character file.

Game seed: 5237150650513717575

45 enile the Magician (level 3, -1/42 HPs)
             Began as a Djinni Fire Elementalist on Feb 8, 2022.
             Slain by an adder (4 damage)
             ... on level 2 of the Dungeon.
             The game lasted 00:02:02 (1899 turns).

enile the Magician (Djinni Fire Elementalist)       Turns: 1899, Time: 00:02:03

Health: -1/42      AC: 21    Str:  7    XL:     3   Next: 90%
Gold:   51         EV:  2    Int: 18    God:
                   SH:  0    Dex: 13

rFire   . . .      SeeInvis .   e - +0 short sword
rCold   . . .      Faith    .   (no shield)
rNeg    . . .      Spirit   .   (armour currently unavailable)
rPois   ∞          Reflect  .   (helmet currently unavailable)
rElec   .          Harm     .   (cloak currently unavailable)
rCorr   .          Rampage  .   (gloves currently unavailable)
Will    .....      NoTele   +   (boots unavailable)
Stlth   ++........              (no amulet)
HPRegen 0.14/turn               (no ring)
MPRegen 0.00/turn               (no ring)

@: tree-form, weak-willed
A: stationary, stasis, torment immunity, boosted hp, sickness immunity, (fire
resistance 2), (cold vulnerability 1), float, innate caster, HP casting, extra
vitality 1
a: no special abilities


You were on level 2 of the Dungeon.
You were a tree.
You visited 1 branch of the dungeon, and saw 2 of its levels.

You collected 51 gold pieces.

Inventory:

Hand Weapons
 e - a +0 short sword (weapon)
Armour
 a - a +1 robe (melded)
Magical Staves
 g - a staff of death
Scrolls
 c - 2 scrolls of identify


   Skills:
 + Level 2.2 Fighting
 - Level 2.1 Dodging
 - Level 1.5 Stealth
 - Level 3.0 Spellcasting


You couldn't memorise any spells.
You knew the following spells:

 Your Spells              Type           Power      Damage    Failure   Level
a - Foxfire               Conj/Fire      52%        2x1d6     4%          1
b - Scorch                Fire           26%        2d6       7%          2
c - Conjure Flame         Conj/Fire      13%        6-21      14%         3
d - Inner Flame           Hex/Fire       13%        N/A       14%         3
e - Flame Wave            Conj/Fire      13%        2d6       43%         4
f - Sting                 Tmut/Pois      52%        1d5       4%          1
Your spell library was empty.

Dungeon Overview and Level Annotations

Branches:
Dungeon (2/15)

Altars:

Annotations:
D:2 Sigmund


Innate Abilities, Weirdness & Mutations

You are a tree.
Your roots penetrate the ground, keeping you stationary.
You cannot be teleported.
You are immune to unholy pain and torment.
Your maximum health is greatly increased.
Your equipment is partially melded.
You are immune to sickness and miasma.
You are immune to poison.
((Your flesh is very heat resistant. (rF++)))
((You are vulnerable to cold. (rC-)))
You float through the air rather than walking.
You learn spells naturally, not from books.
Your magical power is your life essence.
You have superior vitality. (+4 MHP)


Message History

* * * LOW HITPOINT WARNING * * *
Casting: Scorch (safe; 7% risk of failure)
Confirm with . or Enter, or press ? or * to list all spells.
Aiming: Inner Flame (quite dangerous; 14% risk of failure)
Press: ? - help, Dir - move target, f - adder
Aim: an adder (severely wounded, chance to affect: 73%)
The adder is filled with an inner flame.
* * * LOW HITPOINT WARNING * * *
The adder misses you.
It was a potion of lignification.
You turn into a tree.
Your +0 robe melds into your body.
Your roots penetrate the ground.
The adder bites you.
* * * LOW HITPOINT WARNING * * *
The adder bites you but does no damage.
As you read the scroll labelled JANNAE FYTS, it crumbles to dust.
Magic quickly surges around you.
It was a scroll of vulnerability.
The adder bites you but does no damage.
As you read the scroll labelled HOJAUH CEREURGHEC, it crumbles to dust.
The scroll dissolves into smoke.
It was a scroll of fog.
The adder bites you but does no damage.
As you read the scroll labelled IPHOUT NEOQARCH, it crumbles to dust.
It is a scroll of enchant armour.
Your +0 robe glows green for a moment.
The adder bites you but does no damage. x2
As you read the scroll labelled JIOTIES QIAMAQ, it crumbles to dust.
It is a scroll of identify.
You don't have any unidentified items.
The adder bites you but does no damage. The adder bites you but does no damage.
The adder barely misses you. The adder bites you but does no damage.
The adder bites you but does no damage. The adder bites you but does no damage.
The adder bites you but does no damage. The adder bites you.
* * * LOW HITPOINT WARNING * * *
The adder bites you but does no damage. The adder bites you but does no damage.
The adder bites you but does no damage. The adder bites you but does no damage.
The adder barely misses you. The adder bites you.
You die...

#........##
#..#.#.#..#
..........#
...#.#.#..#
..........###
............# ..
............########..
...#####§............#
..)g{JS♣§........>...+
....####§§.......[...#
. #§§.......(...#
#........#####
#####.##.#######
....##.......#
##..########.# #..###
####.# #...<# #....#


You could see an adder (inner flame, weak-willed) and an endoplasm
(weak-willed).

Vanquished Creatures
  An adder (D:2)
  3 endoplasms (D:1)
  2 giant cockroaches (D:1)
  2 goblins (D:1)
  4 hobgoblins
  8 jackals (D:1)
  3 bats
  4 frilled lizards (D:1)
  4 kobolds
  2 rats (D:1)
33 creatures vanquished.

Vanquished Creatures (others)
  90 foxfires
90 creatures vanquished.

Grand Total: 123 creatures vanquished

Notes
Turn   | Place    | Note
-------+----------+-------------------------------------------
     0 | D:1      | enile the Djinni Fire Elementalist began the quest for the
                  | Orb.
     0 | D:1      | Reached XP level 1. HP: 15/15 MP: 0/0
   130 | D:1      | Reached skill level 1 in Fighting
   250 | D:1      | Reached XP level 2. HP: 21/22 MP: 0/0
   829 | D:1      | Reached XP level 3. HP: 20/28 MP: 0/0
   829 | D:1      | Learned a level 1 spell: Sting
  1873 | D:2      | Reached skill level 3 in Spellcasting
  1874 | D:2      | Noticed Sigmund
  1885 | D:2      | HP: 2/42 [adder (2)]
  1899 | D:2      | Slain by an adder

Illustrated notes

Levels and vault maps discovered:
D:1:      psy_arrival_conway, layout_basic, serial_rivers,
          chequers_serial_rivers_small_b, chequers_serial_rivers_large_a,
          chequers_serial_rivers_micro_e, chequers_serial_rivers_micro_e,
          chequers_serial_rivers_room_a, chequers_serial_rivers_micro_b,
          minmay_splitting_lines, minmay_small_reverse_x
D:2:      layout_basic, shapermc_ecumenical_altar_venn, serial_glass,
          glass_columns_b, glass_columns_b, uniq_sigmund

Skill      XL: |  1  2  3 |
---------------+----------+-----
Fighting       | 1 2 |  2.2
Spellcasting   | 3 |  3.0
Dodging        | |  2.1
Stealth        | |  1.5

Action                   || total
-------------------------++-------
 Cast: Foxfire           ||    68
       Scorch            ||    17
       Inner Flame       ||     1
  Use: Scroll            ||     4
       Potion            ||     2
Armor: Robe              ||    10
       Skin              ||    15
Dodge: Dodged            ||    29

Table legend: (Time is in decaauts)
 A = Elapsed time spent in this place.
 B = Non-inter-level travel time spent in this place.
 C = Inter-level travel time spent in this place.
 D = Time resting spent in this place.
 E = Time spent auto-exploring this place.
 F = Levels seen in this place.
 G = Mean time per level.
                   A        B        C        D        E       F      G
               +--------+--------+--------+--------+--------+-----+--------+
         Total |   1898 |   1871 |     27 |      0 |   1621 |   2 |  949.0 |
       Dungeon |   1898 |   1871 |     27 |      0 |   1621 |   2 |  949.0 |
               +--------+--------+--------+--------+--------+-----+--------+

Top non-repeatable levels by time:
     D:1: 1714 daAuts
     D:2: 183 daAuts
